 Dungeon Crawl Stone Soup version 0.30-a0-1113-ga8025317a9 (webtiles) character file.

Game seed: 709382488019815515

4673 Ijustatesigmund the Thaumaturge (level 10, -4/54 HPs)
             Began as a Deep Elf Conjurer on Apr 20, 2023.
             Was a Believer of Cheibriados.
             Slain by a manticore (5 damage)
             ... on level 8 of the Dungeon.
             The game lasted 00:28:59 (11088 turns).

Ijustatesigmund the Thaumaturge (DECj)             Turns: 11088, Time: 00:29:00

Health: -4/54      AC:  7    Str:  8    XL:     10   Next: 21%
Magic:  9/27       EV: 18    Int: 32    God:    Cheibriados [**....]
Gold:   353        SH:  0    Dex: 17    Spells: 21/31 levels left

rFire   . . .      SeeInvis +    z - +4 scimitar (flame)
rCold   . . .      Faith    .    (no shield)
rNeg    . . .      Spirit   .    a - +0 acid dragon scales
rPois   .          Reflect  .    y - +0 helmet
rElec   .          Rampage  .    (no cloak)
rCorr   +                        (no gloves)
Will    +....                    (no boots)
Stlth   ++                       v - amulet of the acrobat
HPRegen 0.29/turn                q - ring of see invisible
MPRegen 0.20/turn                r - +5 ring of evasion

@: very slow
A: mutation resistance 1
a: Renounce Religion, Bend Time


You were on level 8 of the Dungeon.
You worshipped Cheibriados.
Cheibriados was pleased with you.
You visited 2 branches of the dungeon, and saw 10 of its levels.

You collected 353 gold pieces.

Inventory:

Hand Weapons
 c - a +4 falchion of holy wrath
 x - a +3 morningstar
 z - a +4 scimitar of flaming (weapon)
Armour
 a - +0 acid dragon scales (worn)
 y - a +0 helmet (worn)
Magical Staves
 j - a staff of fire
Jewellery
 q - a ring of see invisible (left hand)
 r - a +5 ring of evasion (right hand)
 t - a ring of wizardry
 v - an amulet of the acrobat (around neck)
Wands
 d - a wand of charming (7)
 m - a wand of polymorph (6)
Scrolls
 f - 5 scrolls of teleportation
 s - a scroll of silence
 u - 4 scrolls of poison
Potions
 b - a potion of magic
 e - 3 potions of haste
 g - 2 potions of resistance
 h - 2 potions of brilliance
 i - a potion of attraction
 k - a potion of heal wounds
 l - 3 potions of degeneration {unknown}
 o - a potion of berserk rage {unknown}
 p - 2 potions of cancellation {unknown}
 w - a potion of lignification {unknown}


   Skills:
 - Level 2.3 Fighting
 + Level 2.0 Armour
 - Level 4.5 Dodging
 - Level 2.4 Stealth
 + Level 11.1 Spellcasting
 + Level 9.0 Conjurations
 - Level 7.0 Translocations
 - Level 2.4 Air Magic
 - Level 2.8 Poison Magic
 + Level 4.7 Invocations


You had 21 spell levels left.
You knew the following spells:

 Your Spells              Type           Power      Damage    Failure   Level
a - Magic Dart            Conj           100%       1d8       1%          1
b - Searing Ray           Conj           100%       2d8       1%          2
c - Iskenderun's Mystic   Conj/Tloc      62%        2d13      1%          4
d - Mephitic Cloud        Conj/Pois/Air  48%        N/A       1%          3

Your spell library contained the following spells:

 Spells                   Type           Power      Damage    Failure   Level
 Dazzling Flash           Conj/Hex       92%        N/A       2%          3
 Call Imp                 Summ           34%        N/A       7%          2
 Fulminant Prism          Conj/Hex       23%        3d12      8%          4


Dungeon Overview and Level Annotations

Branches:
Dungeon (9/15)             Temple (1/1) D:7
   Lair: D:8-11         Orc: D:9-12

Altars:
Ashenzari
Cheibriados
Elyvilon
Fedhas
Gozag
Kikubaaqudgha
Nemelex Xobeh
Okawaru
Qazlal
Ru
Sif Muna
Trog
Uskayaw
Vehumet
Wu Jian
Xom
Yredelemnul
Zin
The Shining One

Shops:
D:3 (   D:7 *

Annotations:
D:3 exclusion: statue
D:8 3 runed translucent doors, paps's ghost, novice OpSu


Innate Abilities, Weirdness & Mutations

You are somewhat resistant to further mutation.


Message History

The manticore claws you but does no damage.
The manticore closely misses you.
Casting: Iskenderun's Mystic Blast (dangerous; 1% risk of failure)
Confirm with . or Enter, or press ? or * to list all spells.
You erupt in a blast of force!
The mystic blast hits the manticore.
The manticore is moderately wounded.
The manticore is knocked back by the mystic blast.
The manticore slams into the rock wall!
The manticore is moderately wounded.
The manticore bites you! The manticore misses you.
The manticore barely misses you. The manticore closely misses you.
The manticore misses you. The manticore closely misses you.
Casting: Iskenderun's Mystic Blast (dangerous; 1% risk of failure)
Confirm with . or Enter, or press ? or * to list all spells.
You erupt in a blast of force!
The mystic blast hits the manticore!
The manticore is heavily wounded.
The manticore is knocked back by the mystic blast.
The manticore slams into the rock wall!
The manticore is severely wounded.
The manticore barely misses you. The manticore claws you.
The manticore misses you.
Casting: Iskenderun's Mystic Blast (dangerous; 1% risk of failure)
Confirm with . or Enter, or press ? or * to list all spells.
You erupt in a blast of force!
The mystic blast hits the manticore.
The manticore is severely wounded.
The manticore barely misses you. The manticore claws you.
The manticore closely misses you. The manticore bites you!
* * * LOW HITPOINT WARNING * * *
The manticore claws you!
* * * LOW HITPOINT WARNING * * *
The manticore completely misses you.
Unknown command.
Casting: Iskenderun's Mystic Blast (dangerous; 1% risk of failure)
Confirm with . or Enter, or press ? or * to list all spells.
You erupt in a blast of force!
The mystic blast hits the manticore!
The manticore is almost dead.
The manticore closely misses you. x2; The manticore claws you.
You die...

#### ##
##########..#
#..#..#).#..'..#
..#..#).#..#..##
########
#.##.##.###...#
#......#
#H.#.)#.#..#.##
#......#
#@.#..###.....#
#......#
#.#######..###.#
#......#..#
####....###.##
#......#..
#........##..##
#......#}
...........#..##
#....>.##
............#...
#......#
......#.#.#.....
#####..#
.....##....#)...
##...#
........##.....#..


You could see a manticore.

Vanquished Creatures
  Erica (D:8)
  Joseph (D:7)
  A yak (D:8)
  Grum (D:8)
  A human (D:7)
  An acid dragon (D:8)
  2 water moccasins (D:6)
  Duvessa (D:6)
  2 orc warriors (D:8)
  2 ice beasts
  3 black bears
  3 ogres
  A centaur (D:8)
  A phantom (D:6)
  4 kobold brigands
  2 bullfrogs
  2 scorpions
  7 wights
  Dowan (D:6)
  5 killer bees (D:8)
  4 hounds
  6 orc priests
  5 iguanas
  8 orc wizards
  A hound zombie (D:2)
  4 gnolls
  2 adders (D:5)
  A shadow imp (D:7)
  3 white imps
  2 ufetubi
  2 adder zombies (D:2)
  2 adder skeletons (D:2)
  2 dart slugs
  27 orcs
  8 ball pythons
  A bat skeleton (D:2)
  A bat zombie (D:2)
  7 endoplasms
  4 giant cockroaches
  5 hobgoblins
  2 jackals (D:1)
  14 kobolds
  3 quokkas
  2 ball python zombies (D:2)
  3 bats
  3 frilled lizards
  A giant cockroach zombie (D:2)
  5 goblins
  A jackal zombie (D:7)
  A quokka skeleton (D:2)
  2 rats (D:3)
174 creatures vanquished.

Vanquished Creatures (others)
  2 wolves (D:8)
  A scorpion (D:7)
  2 bushes (D:6)
  13 plants (D:6)
18 creatures vanquished.

Grand Total: 192 creatures vanquished

Notes
Turn   | Place    | Note
-------+----------+-------------------------------------------
     0 | D:1      | Ijustatesigmund the Deep Elf Conjurer began the quest for
                  | the Orb.
     0 | D:1      | Reached XP level 1. HP: 10/10 MP: 6/6
   178 | D:1      | Reached XP level 2. HP: 15/15 MP: 5/8
   181 | D:1      | Learned a level 2 spell: Searing Ray
   702 | D:2      | Reached skill level 4 in Spellcasting
   890 | D:2      | Reached skill level 5 in Conjurations
   890 | D:2      | Reached XP level 3. HP: 19/19 MP: 5/10
  1218 | D:2      | Found a basalt altar of Yredelemnul.
  1592 | D:2      | Reached XP level 4. HP: 24/24 MP: 10/12
  1597 | D:2      | Learned a level 4 spell: Iskenderun's Mystic Blast
  1910 | D:3      | Reached skill level 5 in Spellcasting
  1910 | D:3      | Reached skill level 1 in Translocations
  2224 | D:3      | Reached XP level 5. HP: 28/28 MP: 8/14
  2497 | D:3      | Found Jeyd Sua's Weapon Shoppe.
  2513 | D:3      | Noticed an ice beast
  2527 | D:3      | Killed an ice beast
  2528 | D:3      | Reached skill level 6 in Spellcasting
  2528 | D:3      | Reached XP level 6. HP: 32/32 MP: 7/17
  2696 | D:3      | Found an ancient bone altar of Kikubaaqudgha.
  2820 | D:3      | Found a radiant altar of Vehumet.
  3325 | D:4      | Reached skill level 7 in Spellcasting
  3419 | D:4      | Found an ornate altar of the Wu Jian Council.
  3793 | D:5      | Entered Level 5 of the Dungeon
  3907 | D:5      | Reached XP level 7. HP: 36/36 MP: 8/20
  4270 | D:5      | Found a shimmering blue altar of Sif Muna.
  4514 | D:5      | Reached skill level 5 in Translocations
  5166 | D:6      | Reached skill level 8 in Spellcasting
  5286 | D:6      | Noticed Dowan
  5286 | D:6      | Noticed Duvessa
  5297 | D:6      | Killed Duvessa
  5300 | D:6      | Killed Dowan
  5393 | D:6      | Reached XP level 8. HP: 41/41 MP: 11/22
  5963 | D:6      | Reached skill level 1 in Fighting
  6321 | D:6      | Reached skill level 9 in Spellcasting
  6509 | D:6      | Found a sparkling altar of Nemelex Xobeh.
  6859 | D:6      | Found a blossoming altar of Fedhas.
  7580 | D:7      | Found a staircase to the Ecumenical Temple.
  7591 | Temple   | Entered the Ecumenical Temple
  7672 | Temple   | Became a worshipper of Cheibriados the Contemplative
  7762 | D:7      | Found a runed translucent door.
  7765 | D:7      | Found a basalt altar of Yredelemnul.
  7893 | D:7      | Reached XP level 9. HP: 39/49 MP: 17/24
  7976 | D:7      | Noticed Joseph
  7987 | D:7      | Killed Joseph
  7988 | D:7      | Reached skill level 1 in Invocations
  7994 | D:7      | Learned a level 3 spell: Mephitic Cloud
  8635 | D:7      | Found Zin's Purification Station.
  8638 | D:7      | Found a glowing silver altar of Zin.
  8708 | D:8      | Reached skill level 10 in Spellcasting
  8708 | D:8      | Reached skill level 1 in Air Magic
  8708 | D:8      | Reached skill level 1 in Poison Magic
  8713 | D:8      | Noticed Erica
  9000 | D:8      | Reached * piety under Cheibriados
 10343 | D:8      | Noticed paps's ghost (novice OpSu)
 10512 | D:8      | Found a runed translucent gate.
 10513 | D:8      | Found a runed translucent gate.
 10514 | D:8      | Found a runed translucent gate.
 10537 | D:8      | Gained mutation: Your spells are a little easier to cast,
                  | but a little less powerful. [potion of mutation]
 10537 | D:8      | Gained mutation: Potions are less effective at restoring
                  | your health. [potion of mutation]
 10537 | D:8      | Gained mutation: You have a somewhat thin skeletal
                  | structure. (Dex +2, Stealth+) [potion of mutation]
 10537 | D:8      | Gained mutation: You have hidden genetic potential. [potion
                  | of mutation]
 10541 | D:8      | Killed Erica
 10542 | D:8      | Reached skill level 1 in Armour
 10542 | D:8      | Reached XP level 10. HP: 54/54 MP: 19/26
 10545 | D:8      | Lost mutation: Potions are less effective at restoring your
                  | health. [potion of mutation]
 10545 | D:8      | Lost mutation: Your spells are a little easier to cast, but
                  | a little less powerful. [potion of mutation]
 10545 | D:8      | Gained mutation: You occasionally lose the ability to read
                  | scrolls when taking damage. [potion of mutation]
 10546 | D:8      | Lost mutation: You occasionally lose the ability to read
                  | scrolls when taking damage. [potion of mutation]
 10546 | D:8      | Lost mutation: You have hidden genetic potential. [potion
                  | of mutation]
 10546 | D:8      | Lost mutation: You have a somewhat thin skeletal structure.
                  | (Dex +2, Stealth+) [potion of mutation]
 10546 | D:8      | Gained mutation: You are dopey. (Int -2) [potion of
                  | mutation]
 10546 | D:8      | Gained mutation: You are very dopey. (Int -4) [potion of
                  | mutation]
 10547 | D:8      | Lost mutation: You are very dopey. (Int -4) [potion of
                  | mutation]
 10547 | D:8      | Lost mutation: You are dopey. (Int -2) [potion of mutation]
 10547 | D:8      | Gained mutation: You are strong-willed. (Will+) [potion of
                  | mutation]
 10547 | D:8      | Gained mutation: Armour fits poorly on your strangely
                  | shaped body. [potion of mutation]
 10547 | D:8      | Gained mutation: Your flesh is cold resistant. (rC+)
                  | [potion of mutation]
 10548 | D:8      | Lost mutation: Armour fits poorly on your strangely shaped
                  | body. [potion of mutation]
 10548 | D:8      | Lost mutation: You are strong-willed. (Will+) [potion of
                  | mutation]
 10548 | D:8      | Lost mutation: Your flesh is cold resistant. (rC+) [potion
                  | of mutation]
 10548 | D:8      | Gained mutation: You are somewhat resistant to further
                  | mutation. [potion of mutation]
 10647 | D:8      | Reached skill level 11 in Spellcasting
 10652 | D:8      | Noticed a manticore
 10815 | D:8      | Found an iron altar of Okawaru.
 10815 | D:8      | Found a glowing golden altar of the Shining One.
 10815 | D:8      | Noticed Grum
 10935 | D:8      | Killed Grum
 10935 | D:8      | Reached ** piety under Cheibriados
 11087 | D:8      | HP: 1/54 [manticore (7)]
 11088 | D:8      | Slain by a manticore

Illustrated notes

Levels and vault maps discovered:
D:1:      lightli_arrival_statue_moat, layout_rooms, hex_tiny
D:2:      layout_basic, serial_undead, serial_undead_f, serial_undead_b,
          serial_undead_c, serial_undead_d, serial_undead_a, serial_undead_a,
          serial_undead_d, serial_undead_e, basic_altar
D:3:      layout_rooms, vehumet_statue, mainiacjoe_overflow_tiny_flanked,
          serial_shops, shop, grunt_ministairs_12
D:4:      layout_cave_pools, mainiacjoe_overflow_brackets
D:5:      layout_layer_cave, lemuel_blue_sif_altar
D:6:      layout_loops_ring, nemelex_dance_club_becter,
          fedhas_altar_decomposition, uniq_duvessa
D:7:      layout_basic, zin_purify, dk_yredelemnul_ordeal,
          minmay_temple_entry_statues_fountains, glass_columns_a,
          dreamdust_princess_corridor, hangedman_decor_peaks_small, uniq_joseph
D:8:      minmay_s_stair_smasher, layout_rooms,
          mainiacjoe_overflow_divided_tiny, gammafunk_ghost_split,
          minmay_misc_feat_doors, mrwooster_statue_mirror, uniq_grum, uniq_erica
D:9:      layout_basic, nicolae_overflow_hidden_temple, nzn_makhleb_speed_demon,
          eino_tiny_chamber, kennysheep_generic_room_6
Temple:   jpeg_temple_island

Skill      XL: |  1  2  3  4  5  6  7  8  9 10 |
---------------+-------------------------------+-----
Spellcasting   | 4 5 6 7 8 9 10 11 | 11.1
Conjurations   | 5 6 7 8 9 |  9.0
Translocations | 2 3 4 5 6 7 |  7.0
Dodging        | 4 |  4.5
Fighting       | 2 |  2.3
Invocations    | 4 |  4.7
Air Magic      | 2 |  2.4
Poison Magic   | 2 |  2.8
Armour         | 1 2 |  2.0
Stealth        | |  2.4

Action                     |  1- 3 |  4- 6 |  7- 9 | 10-12 || total
---------------------------+-------+-------+-------+-------++-------
  Melee: Dagger            |       |     1 |       |       ||     1
         Falchion          |       |       |    16 |       ||    16
   Cast: Magic Dart        |    70 |    75 |    75 |     4 ||   224
         Searing Ray       |     2 |    17 |    27 |     2 ||    48
         Iskenderun's Myst |       |       |    62 |    18 ||    80
         Mephitic Cloud    |       |       |     2 |       ||     2
  Evoke: Wand              |       |       |       |     2 ||     2
    Use: Scroll            |     3 |     3 |    12 |     1 ||    19
         Potion            |       |     3 |     8 |     5 ||    16
 Armour: Robe              |     4 |     1 |     4 |       ||     9
         Acid dragon scale |       |       |     2 |     3 ||     5
  Dodge: Dodged            |    11 |    12 |    77 |    27 ||   127

Table legend: (Time is in decaauts)
 A = Elapsed time spent in this place.
 B = Non-inter-level travel time spent in this place.
 C = Inter-level travel time spent in this place.
 D = Time resting spent in this place.
 E = Time spent auto-exploring this place.
 F = Levels seen in this place.
 G = Mean time per level.
                   A        B        C        D        E       F      G
               +--------+--------+--------+--------+--------+-----+--------+
         Total |  11371 |  11180 |    191 |   5029 |   4918 |  10 | 1137.1 |
       Dungeon |  11267 |  11099 |    168 |   5029 |   4865 |   9 | 1251.9 |
        Temple |    104 |     81 |     23 |      0 |     53 |   1 |  104.0 |
               +--------+--------+--------+--------+--------+-----+--------+

Top non-repeatable levels by time:
     D:6: 2256 daAuts
     D:8: 1969 daAuts
     D:7: 1562 daAuts
     D:5: 1284 daAuts
     D:2: 1138 daAuts
     D:3: 1130 daAuts
     D:4: 832 daAuts
     D:1: 690 daAuts
     D:9: 401 daAuts
  Temple: 104 daAuts
